 Dungeon Crawl Stone Soup version 0.28-a0-664-gc179e30c89 (webtiles) character file.

Game seed: 1574920539814125644

1319 lawman0 the Digger (level 8, -10/68 HPs)
             Began as a Troll Earth Elementalist on Oct 15, 2021.
             Was an Initiate of Fedhas.
             Mangled by a sun demon (13 damage)
             ... summoned by a kobold demonologist
             ... on level 7 of the Dungeon.
             The game lasted 00:08:09 (4828 turns).

lawman0 the Digger (Troll Earth Elementalist)       Turns: 4828, Time: 00:08:10

Health: -10/68     AC:  4    Str: 17    XL:     8   Next: 33%
Magic:  11/11      EV:  7    Int: 13    God:    Fedhas [......]
Gold:   684        SH:  6    Dex: 10    Spells: 5/13 levels left

rFire   + + .      SeeInvis .     - Unarmed
rCold   + . .      Faith    .   A - +0 kite shield
rNeg    . . .      Spirit   .   b - +0 robe
rPois   +          Reflect  .   (helmet restricted)
rElec   +          Harm     .   (no cloak)
rCorr   +          Rampage  .   (gloves unavailable)
Will    .....                   (boots unavailable)
Stlth   +.........              f - amulet of magic regeneration
HPRegen 1.21/turn               p - ring of flight
MPRegen 0.37/turn               s - ring of protection from fire

@: resistant, flying
A: large, unfitting armour, claws 3, regeneration 1, shaggy fur 1, tough skin 1
a: Renounce Religion


You were on level 7 of the Dungeon.
You worshipped Fedhas.
Fedhas was noncommittal.
You visited 2 branches of the dungeon, and saw 8 of its levels.

You collected 974 gold pieces.
You spent 290 gold pieces at shops.

Inventory:

Missiles
 c - 40 stones
 o - 19 poisoned darts (quivered)
Armour
 b - a +0 robe (worn)
 A - a +0 kite shield (worn)
Jewellery
 f - an amulet of magic regeneration (around neck)
 j - an amulet of reflection
 p - a ring of flight (left claw)
 s - a ring of protection from fire (right claw)
Wands
 x - a wand of paralysis (3)
Scrolls
 a - a scroll of fear
 h - 2 scrolls of fog
 i - a scroll of silence
 q - 2 scrolls of immolation
 r - 4 scrolls of teleportation
 u - a scroll of torment
 v - 2 scrolls of blinking {unknown}
 y - 3 scrolls of enchant armour {unknown}
 B - a scroll of vulnerability {unknown}
Potions
 e - 2 potions of might
 g - 2 potions of brilliance {unknown}
 k - a potion of invisibility
 l - 3 potions of mutation
 m - 2 potions of degeneration {unknown}
 n - 2 potions of heal wounds {unknown}
 t - a potion of lignification {unknown}
 w - a potion of flight {unknown}
 z - a potion of attraction {unknown}


   Skills:
 + Level 0.6 Fighting
 + Level 2.3 Dodging
 + Level 1.1 Stealth
 * Level 0.2 Shields
 * Level 3.5 Unarmed Combat
 + Level 3.0 Spellcasting
 * Level 1.6 Translocations
 * Level 2.7 Transmutations
 * Level 6.1 Earth Magic
 * Level 1.3 Invocations


You had 5 spell levels left.
You knew the following spells:

 Your Spells              Type           Power      Damage    Failure   Level
a - Sandblast             Erth           34%        2d9       12%         1
b - Passwall              Tmut/Erth      10%        N/A       36%         2
c - Stone Arrow           Conj/Erth      18%        3d8       77%         3
d - Blink                 Tloc           N/A        N/A       75%         2

Your spell library contained the following spells:

 Spells                   Type           Power      Damage    Failure   Level
 Summon Small Mammal      Summ           4%         N/A       83%         1
 Ensorcelled Hibernation  Hex/Ice        2%         N/A       92%         2
 Lesser Beckoning         Tloc           6%         N/A       93%         3
 Petrify                  Tmut/Erth      13%        N/A       94%         4
 Spider Form              Tmut/Pois      2%         N/A       95%         3
 Call Canine Familiar     Summ           1%         N/A       99%         3
 Inner Flame              Hex/Fire       1%         N/A       99%         3
 Summon Guardian Golem    Hex/Summ       1%         N/A       99%         3
 Cause Fear               Hex            0%         N/A       100%        4
 Manifold Assault         Tloc           6%         N/A       100%        5
 Storm Form               Tmut/Air       2%         N/A       100%        7
 Discord                  Hex            0%         N/A       100%        8


Dungeon Overview and Level Annotations

Branches:
Dungeon (7/15)             Temple (1/1) D:5

Altars:
Ashenzari
Cheibriados
Dithmenos
Elyvilon
Fedhas
Gozag
Kikubaaqudgha
Makhleb
Nemelex Xobeh
Okawaru
Qazlal
Ru
Sif Muna
Trog
Uskayaw
Vehumet
Wu Jian
Xom
Yredelemnul
Zin
The Shining One

Shops:
D:3 (   D:4 ?


Innate Abilities, Weirdness & Mutations

You are too large for most types of armour.
You have claws for hands.
Your natural rate of healing is unusually fast.
You are covered in fur. (AC +1)
You have tough skin. (AC +1)


Message History

You claw the kobold demonologist!
The kobold demonologist is heavily wounded.
The kobold demonologist hits you but does no damage.
Your shield prevents you from hitting the kobold demonologist.
The kobold demonologist is heavily wounded.
The kobold demonologist hits you with a +0 dagger. x2
You completely miss the kobold demonologist.
The kobold demonologist is heavily wounded.
The kobold demonologist hits you with a +0 dagger.
You scratch the kobold demonologist but do no damage.
The kobold demonologist is heavily wounded.
The kobold demonologist gestures wildly while chanting.
The kobold demonologist casts a spell.
You scratch the kobold demonologist.
The kobold demonologist is heavily wounded.
The kobold demonologist hits you with a +0 dagger.
You claw the kobold demonologist!
The kobold demonologist is almost dead.
The kobold demonologist casts a spell.
You closely miss the kobold demonologist.
The kobold demonologist is almost dead.
The kobold demonologist casts a spell.
The kobold demonologist begins to cast a cantrip, but forgets the words!
The sun demon hits you.
You are engulfed in flames!
You resist.
The kobold demonologist mumbles some strange words.
You closely miss the kobold demonologist.
The kobold demonologist is severely wounded.
The sun demon hits you!!
You are engulfed in flames!
You resist.
The kobold demonologist casts a cantrip, but nothing happens.
Unknown command.
It was a potion of resistance.
You feel protected. The sun demon hits you!!
* * * LOW HITPOINT WARNING * * *
You are engulfed in flames.
You resist.
* * * LOW HITPOINT WARNING * * *
The kobold demonologist miscasts a cantrip.
The sun demon hits you!
You die...
Fedhas appreciates your contribution to the ecosystem.

### #.. #.# ##
#.# . #.#.#
#######.#.####.
...K..K.4.....>
#K######## #.#
#KK@3....# #.#
.....K#######.#
#.# #####.
#.###.## #.
#.#....# #.
#.#.#..# #.
######.#.#..#
#.#..........[.#
#.#####.#.##.#
#.#.##.####


You could see a sun demon (summoned), 2 kobold demonologists and 3 kobolds.

Vanquished Creatures
  Eustachio (D:5)
  A black bear (D:7)
  2 sky beasts
  2 phantoms
  2 scorpions
  A water moccasin skeleton (D:6)
  A howler monkey (D:6)
  A centaur zombie (D:5)
  A hound (D:6)
  An orc priest (D:4)
  Terence (D:2)
  2 iguanas
  8 orc wizards
  A hound skeleton (D:4)
  6 adders
  A white imp (D:4)
  2 adder skeletons
  2 worms
  3 dart slugs
  16 orcs
  3 ball pythons
  4 endoplasms
  A giant cockroach (D:2)
  4 goblins
  11 hobgoblins
  7 jackals
  3 quokkas
  7 bats
  4 frilled lizards
  3 kobolds
  4 rats (D:3)
106 creatures vanquished.

Vanquished Creatures (others)
  3 plants (D:3)
3 creatures vanquished.

Grand Total: 109 creatures vanquished

Notes
Turn   | Place    | Note
-------+----------+-------------------------------------------
     0 | D:1      | lawman0 the Troll Earth Elementalist began the quest for
                  | the Orb.
     0 | D:1      | Reached XP level 1. HP: 16/16 MP: 1/1
    65 | D:1      | Reached skill level 3 in Earth Magic
    81 | D:1      | Reached XP level 2. HP: 21/24 MP: 0/2
   389 | D:1      | Learned a level 2 spell: Passwall
   853 | D:2      | Reached skill level 1 in Transmutations
   853 | D:2      | Reached XP level 3. HP: 31/31 MP: 0/4
   916 | D:2      | Found a faded altar of an unknown god.
  1025 | D:2      | Reached skill level 1 in Unarmed Combat
  1169 | D:2      | Noticed Terence
  1175 | D:2      | Killed Terence
  1176 | D:2      | Reached XP level 4. HP: 39/39 MP: 0/5
  1662 | D:3      | Found a basalt altar of Yredelemnul.
  1869 | D:3      | Found a bloodstained altar of Trog.
  1906 | D:3      | Reached skill level 4 in Earth Magic
  1906 | D:3      | Reached XP level 5. HP: 10/45 MP: 3/6
  2108 | D:3      | Noticed a sky beast
  2120 | D:3      | Killed a sky beast
  2176 | D:3      | Learned a level 3 spell: Stone Arrow
  2285 | D:3      | Reached XP level 6. HP: 53/53 MP: 8/8
  2536 | D:3      | Found Mukhlet's Antique Weapon Emporium.
  2723 | D:4      | Reached skill level 5 in Earth Magic
  3036 | D:4      | Found Roila's Magic Scroll Shop.
  3045 | D:4      | Bought a scroll of identify for 20 gold pieces
  3045 | D:4      | Bought a scroll of teleportation for 30 gold pieces
  3045 | D:4      | Bought a scroll of torment for 75 gold pieces
  3374 | D:5      | Entered Level 5 of the Dungeon
  3391 | D:5      | Reached XP level 7. HP: 55/61 MP: 9/9
  3426 | D:5      | Found a staircase to the Ecumenical Temple.
  3430 | Temple   | Entered the Ecumenical Temple
  3618 | Temple   | Became a worshipper of Fedhas Madash
  3619 | Temple   | gimmickkkkkkkkkkkkk
  3840 | D:5      | Learned a level 2 spell: Blink
  3845 | D:5      | Found a shimmering altar of Xom.
  3852 | D:5      | Noticed Eustachio
  3871 | D:5      | Killed Eustachio
  4166 | D:4      | Bought a scroll of identify for 20 gold pieces
  4166 | D:4      | Bought a scroll of identify for 20 gold pieces
  4166 | D:4      | Bought a scroll of identify for 20 gold pieces
  4166 | D:4      | Bought a scroll of teleportation for 30 gold pieces
  4168 | D:4      | Identified a scroll of acquirement
  4169 | D:4      | oh
  4169 | D:4      | Acquired 686 gold pieces
  4171 | D:4      | Bought a scroll of silence for 75 gold pieces
  4250 | D:6      | Reached skill level 1 in Translocations
  4322 | D:6      | Reached XP level 8. HP: 67/68 MP: 8/11
  4441 | D:6      | Reached skill level 1 in Invocations
  4537 | D:6      | Reached skill level 6 in Earth Magic
  4810 | D:7      | Noticed a kobold demonologist
  4811 | D:7      | Noticed a kobold demonologist
  4824 | D:7      | Noticed a hellwing
  4826 | D:7      | Noticed a sun demon
  4828 | D:7      | HP: 3/68 [sun demon[a kobold demonologist] (5)]
  4828 | D:7      | Mangled by a sun demon

Illustrated notes #...####...####...# ##...####...# #._.# #._.###.#.## #._.# #._.# #...# #...##.##.# ##...# #...# ##### ####.#.##.# ##.#### ##### ##.###.###.## ##..##.##.## ####.##.#.#.## #...####...## #._.# #.@.# #...# #...# ##### ##### Turn 3619 on Temple: gimmickkkkkkkkkkkkk

#######.#######.# #.
#............##.# #.
#.......##)[....# #.
#.......##.).#..# ###.
#.......###.....###...
#.................'...
#........##########...
#........###..........
#....@.......#########
###########..#####.#
#........# #.####...#
#.# #.### ###.# #.#
#...# #.# #.######.#
#........#


Turn 4169 on D:4: oh

Levels and vault maps discovered:
D:1:      lightli_molten_gateway, layout_basic
D:2:      layout_loops_cross, shapermc_ecumenical_altar_starsandcircs,
          uniq_terence
D:3:      layout_basic, lemuel_crystal_altar, mainiacjoe_overflow_alcove_2,
          serial_bayou, serial_bayou_ford_a, serial_bayou_pond_e,
          serial_bayou_shore_a, serial_bayou_pond_b, serial_shops,
          nicolae_shop_overgrown_old_shop
D:4:      layout_basic, serial_shops, shop
D:5:      layout_rooms, mainiacjoe_overflow_concentric_impassable,
          minmay_temple_entry_drinking_statues, uniq_eustachio
D:6:      layout_rooms
D:7:      layout_basic
Temple:   eino_narrow_crystal_temple

Skill      XL: |  1  2  3  4  5  6  7  8 |
---------------+-------------------------+-----
Earth Magic    | 3 4 5 6 |  6.1
Transmutations | 1 2 |  2.7
Unarmed Combat | 1 2 3 |  3.5
Spellcasting   | 2 3 |  3.0
Dodging        | 2 |  2.3
Translocations | 1 |  1.6
Invocations    | 1 |  1.3
Fighting       | |  0.6
Stealth        | |  1.1
Shields        | |  0.2

Action                   |  1- 3 |  4- 6 |  7- 9 || total
-------------------------+-------+-------+-------++-------
Melee: Unarmed           |    61 |   101 |    53 ||   215
Throw: Dart              |       |       |     1 ||     1
 Cast: Sandblast         |    24 |    81 |    55 ||   160
  Use: Scroll            |       |     4 |     6 ||    10
       Potion            |       |       |     1 ||     1
 Stab: Sleeping          |     1 |       |       ||     1
Armor: Robe              |    33 |    62 |    18 ||   113
Dodge: Dodged            |    50 |    59 |    27 ||   136
Block: Kite shield       |       |       |     6 ||     6

Table legend: (Time is in decaauts)
 A = Elapsed time spent in this place.
 B = Non-inter-level travel time spent in this place.
 C = Inter-level travel time spent in this place.
 D = Time resting spent in this place.
 E = Time spent auto-exploring this place.
 F = Levels seen in this place.
 G = Mean time per level.
                   A        B        C        D        E       F      G
               +--------+--------+--------+--------+--------+-----+--------+
         Total |   4838 |   4603 |    235 |    346 |   3368 |   8 |  604.8 |
       Dungeon |   4634 |   4413 |    221 |    346 |   3197 |   7 |  662.0 |
        Temple |    203 |    189 |     14 |      0 |    171 |   1 |  203.0 |
               +--------+--------+--------+--------+--------+-----+--------+

Top non-repeatable levels by time:
     D:3: 986 daAuts
     D:1: 842 daAuts
     D:4: 838 daAuts
     D:2: 820 daAuts
     D:5: 547 daAuts
     D:6: 503 daAuts
  Temple: 203 daAuts
     D:7: 96 daAuts
